Map: Waterfall

Players

MattBarry

  • Race: Zerg Zerg
  • League: Gold
  • Spawn Location: 7:00

Nazgul - Winner!

  • Race: Terran Terran
  • League: Gold
  • Spawn Location: 1:00

VOD

Have the link to the VOD?

Description

Time

  • Played on: Jan. 21, 2023, 5:18 a.m.
  • Length: 12:21
Show
View Real Time Build Order
Export as new Build Order

MattBarry Zerg 

Build Orders: Hatch First 

Get SALT Encoding   

  12  0:00  Drone  
  13  0:08  Drone  
  14  0:18  Extractor  
  14  0:19  Extractor  
  12  0:22  Drone  
  12  0:23  Drone  
  16  0:47  Hatchery  
  15  0:50  Overlord  
  15  0:59  Extractor  
  14  1:08  Spawning Pool  
  14  1:11  Drone  
  14  1:24  Drone  
  15  1:25  Drone  
  16  1:55  Zergling x6  
  16  2:00  Metabolic Boost  
  19  2:07  Zergling x2  
  20  2:10  Queen  
  20  2:11  Queen  
  20  2:13  Drone  
  25  2:19  Drone  
  26  2:23  Overlord  
  26  2:32  Zergling x2  
  26  3:00  Drone  
  26  3:04  Zergling x4  
  28  3:26  Zergling x2  
  28  3:27  Zergling x2  
  26  3:43  Zergling x6  
  29  3:49  Zergling x8  
  29  3:50  Zergling x6  
  29  3:54  Roach Warren  
  35  3:58  Queen, Extractor  
  35  4:00  Overlord  
  35  4:02  Overlord  
  36  4:22  Baneling Nest  
  35  4:26  Drone x3  
  35  4:29  Drone  
  33  4:55  Roach x5  
  39  5:13  Roach x4  
  45  5:28  Baneling x3  
  45  5:32  Zergling x6  
  48  5:37  Drone x2  
  50  5:45  Overlord  
  50  5:55  Baneling  
  50  6:02  Baneling x2  
  50  6:03  Baneling x2  
  50  6:06  Overlord  
  50  6:10  Drone  
  50  6:11  Drone  
  52  6:12  Drone  
  53  6:24  Overlord  
  52  6:41  Ravager  
  52  6:42  Ravager x2  
  55  6:52  Drone x5  
  55  6:53  Drone x2  
  62  6:56  Queen  
  62  7:01  Extractor  
  63  7:04  Extractor  
  51  7:26  Zergling x24  
  49  7:47  Drone x2  
  49  7:48  Drone x2  
  53  7:54  Roach x6  
  57  8:09  Drone x3  
  60  8:16  Lair  
  60  8:31  Overlord  
  60  8:37  Spore Crawler  
  59  8:48  Spore Crawler, Drone x2  
  59  8:49  Overlord x2  
  59  8:50  Overlord  
  59  8:51  Drone x2  
  59  8:52  Drone  
  59  8:53  Zergling x6  
  66  9:08  Overlord  
  66  9:12  Evolution Chamber  
  66  9:15  Nydus Network  
  64  9:20  Drone x2  
  64  9:21  Spire  
  64  9:22  Drone  
  66  9:24  Drone  
  67  9:41  Hatchery  
  66  9:57  Zergling x16  
  66  9:58  Roach x2  
  78  10:14  Nydus Canal  
  78  10:25  Zergling x22  
  86  10:38  Roach  
  86  10:39  Roach  
  23  11:23  Drone x3  
  17  11:48  Drone x2  
Show
View Real Time Build Order
Export as new Build Order

Nazgul Terran - Winner!

Build Orders: Reaper Expand 

Get SALT Encoding   

  12  0:00  SCV  
  13  0:12  SCV  
  14  0:21  Supply Depot  
  14  0:24  SCV  
  15  0:43  SCV  
  15  0:45  Barracks  
  15  0:49  Refinery  
  16  0:55  SCV  
  17  1:07  SCV  
  18  1:19  SCV  
  19  1:33  Reaper  
  19  1:36  Command Center  
  20  1:44  Orbital Command  
  20  2:00  Supply Depot  
  20  2:08  Refinery  
  20  2:12  SCV  
  21  2:18  Barracks Tech Lab  
  21  2:24  SCV  
  22  2:36  SCV  
  23  2:37  Supply Depot  
  23  2:44  Marine  
  23  2:49  Barracks  
  23  3:10  Reaper  
  23  3:18  Supply Depot  
  16  3:47  Orbital Command  
  16  3:50  SCV  
  16  3:51  Factory  
  17  4:02  SCV  
  18  4:09  Marine  
  18  4:10  Marine  
  18  4:14  SCV  
  18  4:15  SCV  
  22  4:26  SCV  
  22  4:27  SCV  
  22  4:30  Barracks Reactor  
  22  4:31  Barracks, Combat Shield  
  24  4:38  SCV  
  25  4:39  SCV  
  25  4:44  Supply Depot  
  26  4:48  Barracks  
  26  4:50  SCV  
  27  4:55  Supply Depot  
  27  4:58  Factory Tech Lab  
  27  4:59  Marine  
  28  5:02  Barracks  
  28  5:07  Marine x2  
  29  5:17  Supply Depot, Marine  
  30  5:22  Siege Tank  
  30  5:24  Barracks Reactor  
  30  5:25  Marine x2  
  37  5:35  Marauder  
  37  5:43  Marine x2, SCV x2  
  37  5:47  Supply Depot  
  41  5:55  SCV x2  
  45  5:57  Marauder  
  45  6:00  Marine  
  46  6:07  SCV  
  46  6:08  SCV  
  48  6:20  SCV x2  
  50  6:31  Starport  
  50  6:32  SCV x2  
  52  6:40  Marine x2  
  52  6:41  Marauder  
  52  6:42  Stimpack  
  52  6:44  SCV x2  
  58  6:47  Refinery  
  58  6:51  Supply Depot  
  58  6:53  Supply Depot, Siege Tank  
  61  6:56  SCV  
  62  7:02  Supply Depot  
  62  7:04  Supply Depot  
  62  7:07  Supply Depot  
  62  7:11  Refinery  
  62  7:14  SCV x2  
  63  7:27  SCV x2  
  60  7:37  Supply Depot  
  60  7:39  SCV x2  
  60  7:40  Marine x2  
  60  7:41  Marine x2, Marauder  
  60  7:42  Starport Reactor, Siege Tank  
  71  7:51  SCV x2  
  73  7:57  Marine  
  73  7:58  Marine  
  75  7:59  Marine x2  
  75  8:02  Marauder  
  75  8:03  SCV  
  75  8:04  Barracks x2  
  80  8:14  Siege Tank  
  83  8:33  SCV  
  83  8:34  SCV  
  85  8:35  Marine x2  
  85  8:36  Medivac x2  
  91  8:42  Supply Depot  
  91  8:46  Supply Depot, SCV x2  
  93  8:53  Barracks Reactor  
  93  8:54  Barracks Reactor  
  93  8:56  Command Center  
  93  8:59  Marine x4  
  93  9:00  Siege Tank  
  93  9:02  Marine  
  101  9:06  Barracks, Medivac x2  
  105  9:10  Barracks  
  105  9:16  Marine  
  105  9:17  Marine x3  
  106  9:20  Marauder  
  111  9:30  Engineering Bay  
  111  9:32  Marine x2  
  111  9:33  Engineering Bay  
  111  9:36  Medivac x2  
  117  9:46  Supply Depot  
  117  9:48  Supply Depot  
  117  10:01  Marine  
  118  10:08  Marine x3, Marauder, Medivac  
  125  10:25  Marine x3  
  128  10:30  Marauder  
  129  10:38  Marine x3  
  129  10:41  Marine  
  129  10:42  Planetary Fortress  
  130  10:45  Marine  
  127  10:51  Marauder  
  111  11:12  Marauder  
  94  11:42  Marine x2  
  94  11:43  Marine x3  
Tags
 
Add a new tag
Caveats
  • Supply blocks, unpowered buildings, or Contaminate may cause inaccurate times.
  • Supply counts are checked every 10 seconds.